 Dungeon Crawl Stone Soup version 0.30-a0-46-g5a63ccc183 (webtiles) character file.

Game seed: 17188644843799680374

5 ytrimaz the Insei (level 1, 0/13 HPs)
             Began as an Octopode Transmuter on Sept 1, 2022.
             Slain by a bat (1 damage)
             ... on level 1 of the Dungeon.
             The game lasted 00:00:21 (154 turns).

ytrimaz the Insei (Octopode Transmuter)              Turns: 154, Time: 00:00:22

Health: 0/13       AC:  1    Str:  9    XL:     1   Next: 80%
Magic:  3/3        EV: 13    Int: 15    God:
Gold:   0          SH:  0    Dex: 12    Spells: 3/4 levels left

rFire   . . .      SeeInvis .      - Unarmed
rCold   . . .      Faith    .    (no shield)
rNeg    . . .      Spirit   .    (helmet restricted)
rPois   .          Reflect  .    (no amulet)
rElec   .          Harm     .    (no ring)
rCorr   .          Rampage  .    (no ring)
Will    .....                    (no ring)
Stlth   ++........               (no ring)
HPRegen 0.04/turn                (no ring)
MPRegen 0.08/turn                (no ring)
                                 (no ring)
                                 (no ring)

@: no status effects
A: almost no armour, amphibious, 8 rings, camouflage 1, gelatinous body 1,
(nimble swimmer 1), tentacles
a: no special abilities


You were on level 1 of the Dungeon.
You visited 1 branch of the dungeon, and saw 1 of its levels.


Innate Abilities, Weirdness & Mutations

You cannot wear most types of armour.
You are amphibious.
You can wear up to eight rings at the same time.
Your skin changes colour to match your surroundings (Stealth+).
Your rubbery body absorbs attacks. (AC +1, EV +1)
((You are camouflaged when in or above water. (Stealth+)))
You have tentacles for arms and can constrict up to eight enemies at once.


   Skills:
 - Level 1.0 Fighting
 - Level 2.0 Dodging
 + Level 3.4 Unarmed Combat
 - Level 2.0 Spellcasting
 - Level 2.0 Transmutations


You had 3 spell levels left.
You knew the following spells:

 Your Spells              Type           Power      Damage    Failure   Level
a - Beastly Appendage     Tmut           14%        N/A       10%         1

Your spell library contained the following spells:

 Spells                   Type           Power      Damage    Failure   Level
 Wereblood                Tmut           7%         N/A       14%         2
 Spider Form              Tmut/Pois      4%         N/A       41%         3
 Ice Form                 Ice/Tmut       4%         N/A       82%         4

Inventory:

Missiles
 b - 10 stones {throwing}
Potions
 a - a potion of lignification {!q}

Dungeon Overview and Level Annotations

Branches:
Dungeon (1/15) Zot: 5845

Altars:

#.#.#.##...
##.#.#..... .
+....#....#
..##.#.#....## ####
............##....
...............>.
#.#.b........#
#..†@........#
#.#.#.#......#.#
#.#.#.†....#.# #
....#......#.#.#
.#.#........#.#.#
......#..........#
.#.#..........#.###
#.........#...##.#
#..#
..............###..#


You could see a bat.


Message History

You barely miss the giant cockroach. Your grab misses the giant cockroach.
Your tentacle spike misses the giant cockroach.
You squeeze the giant cockroach, but do no damage.
The giant cockroach waves its antennae.
The giant cockroach closely misses you.
Unknown command.
You barely miss the giant cockroach. Your grab misses the giant cockroach.
You pierce the giant cockroach, but do no damage.
The giant cockroach barely misses you.
You tentacle-slap the giant cockroach but do no damage.
You grab the giant cockroach.
You constrict the giant cockroach, but do no damage.
The giant cockroach bites you. 😕 HP[-1]
You take 1 damage, and now have 12/13 hp.
Unknown command.
You tentacle-slap the giant cockroach.
You constrict the giant cockroach, but do no damage.
The giant cockroach closely misses you. x2
Unknown command.
You tentacle-slap the giant cockroach but do no damage.
You pierce the giant cockroach, but do no damage.
Your tentacle spike disappears.
You constrict the giant cockroach, but do no damage.
The giant cockroach bites you. 😕 HP[-1] MP[+1]
You take 1 damage, and now have 11/13 hp.
Your mp is fully restored (3).
Unknown command.
You tentacle-slap the giant cockroach but do no damage.
You squeeze the giant cockroach.
You kill the giant cockroach!
You see here a giant cockroach corpse.
Unknown command.
b - 10 stones {throwing} (gained 7) Key pressed, stopping explore.
An endoplasm comes into view. 😎 HP[+2]
Your hp is fully restored (13).
An endoplasm is nearby!
One of your tentacles grows a vicious spike. 😎 MP[-1]
You lost 1 mp, and now have 2/3 mp.
Your transformation is almost over.
A rat comes into view.
The endoplasm hits you. 😕 HP[-3]
You take 3 damage, and now have 10/13 hp.
MASSIVE DAMAGE!! (PAUSE)
You tentacle-slap the endoplasm. The endoplasm freezes you.
You are frozen.
* * * LOW HITPOINT WARNING * * *
😨 HP[-4]
You take 4 damage, and now have 6/13 hp.
MASSIVE DAMAGE!! (PAUSE)
You tentacle-slap the endoplasm but do no damage.
You pierce the endoplasm.
You kill the endoplasm!
Unknown command.
A rat is nearby!
Unknown command.
Found a stone staircase leading down.
You tentacle-slap the rat. You grab the rat.
You pierce the rat.
You kill the rat!
You see here a rat corpse. 😨 MP[+1]
Your mp is fully restored (3).
Unknown command.
A hobgoblin comes into view.
Your tentacle spike disappears.
A hobgoblin is nearby!
A hobgoblin is nearby!
A bat comes into view.
You are too injured to fight recklessly!
The hobgoblin shouts! 😮 HP[+1]
The hobgoblin hits you.
* * * LOW HITPOINT WARNING * * *
😱 HP[-4]
You take 4 damage, and now have 3/13 hp.
MASSIVE DAMAGE!! (PAUSE)
You tentacle-slap the hobgoblin but do no damage.
Your grab misses the hobgoblin. You squeeze the hobgoblin.
The bat closely misses you. The bat hits you.
* * * LOW HITPOINT WARNING * * *
The bat hits you.
* * * LOW HITPOINT WARNING * * *
The hobgoblin barely misses you. 😱 HP[-2]
You take 2 damage, and now have 1/13 hp.
Unknown command.
You tentacle-slap the hobgoblin. You grab the hobgoblin.
You constrict the hobgoblin. The bat closely misses you.
The hobgoblin barely misses you.
Unknown command.
You tentacle-slap the hobgoblin.
You kill the hobgoblin!
The bat hits you.
You die...

Action                   || total
-------------------------++-------
Melee: Unarmed           ||    17
       Kick              ||     5
       Constrict         ||     4
       Tentacles         ||     4
 Cast: Beastly Appendage ||     3
Armor: Skin              ||     1
Dodge: Dodged            ||    14

Levels and vault maps discovered:
D:1:      dpeg_arrival_arbitrary_a, layout_basic, basic_ecumenical_altar

Notes
Turn   | Place    | Note
-------+----------+-------------------------------------------
     0 | D:1      | ytrimaz the Octopode Transmuter began the quest for the
                  | Orb.
     0 | D:1      | Reached XP level 1. HP: 13/13 MP: 3/3
     0 | D:1      | magus.rc [v1.9.6]
   151 | D:1      | HP: 3/13 [hobgoblin (4)]
   152 | D:1      | HP: 1/13 [bat (1)]
   154 | D:1      | Slain by a bat

Vanquished Creatures
  A bat (D:1)
  An endoplasm (D:1)
  A giant cockroach (D:1)
  A hobgoblin (D:1)
  A frilled lizard (D:1)
  A rat (D:1)
6 creatures vanquished.

Table legend:
 A = Non-vault XP
 B = Vault XP
 C = Vault XP percentage of total XP
 D = Non-vault monster count
 E = Vault monster count
 F = Vault count percentage of total count
                 A         B        C        D         E       F
            +---------+---------+-------+---------+---------+-------
      Total |      10 |       0 |   0.0 |       6 |       0 |   0.0
            +---------+---------+-------+---------+---------+-------
        D:1 |      10 |       0 |   0.0 |       6 |       0 |   0.0
            +---------+---------+-------+---------+---------+-------

Illustrated notes

Table legend:
 A = Kills in this place as a percentage of kills in entire the game.
 B = Kills by you in this place as a percentage of kills by you in the entire game.
 C = Kills by friends in this place as a percentage of kills by friends in the entire game.
 D = Other kills in this place as a percentage of other kills in the entire game.
 E = Experience gained in this place as a percentage of experience gained in the entire game.
 F = Experience gained in this place divided by the number of levels of this place that you have seen.
                   A       B       C       D       E      F
               +-------+-------+-------+-------+-------+----------------------
         Total | 100.0 | 100.0 |   N/A |   N/A | 100.0 |  10.0
       Dungeon | 100.0 | 100.0 |   N/A |   N/A | 100.0 |  10.0
               +-------+-------+-------+-------+-------+----------------------

Table legend: (Time is in decaauts)
 A = Elapsed time spent in this place.
 B = Non-inter-level travel time spent in this place.
 C = Inter-level travel time spent in this place.
 D = Time resting spent in this place.
 E = Time spent auto-exploring this place.
 F = Levels seen in this place.
 G = Mean time per level.
                   A        B        C        D        E       F      G
               +--------+--------+--------+--------+--------+-----+--------+
         Total |    153 |    153 |      0 |      0 |    110 |   1 |  153.0 |
       Dungeon |    153 |    153 |      0 |      0 |    110 |   1 |  153.0 |
               +--------+--------+--------+--------+--------+-----+--------+

Top non-repeatable levels by time:
     D:1: 153 daAuts
